 Dungeon Crawl Stone Soup version 0.15-a0-58-gfb3cfe9 (webtiles) character file.

1174 Kanakotka the Sneak (level 8, -2/36 HPs)
             Began as a Vine Stalker Enchanter on Apr 5, 2014.
             Slain by an orc warrior
             ... wielding a +0,+0 short sword
              (13 damage)
             ... on Level 5 of the Dungeon.
             The game lasted 00:27:22 (4188 turns).

Kanakotka the Sneak (Vine Stalker Enchanter)        Turns: 4188, Time: 00:27:22

HP  -2/36        AC  4     Str 11      XL: 8   Next: 14%
MP   0/17        EV 12     Int 15      God:
Gold 220         SH  0     Dex 17      Spells:  3 memorised,  6 levels left

rFire  . . .     SeeInvis .     a - +1,+2 dagger
rCold  . . .     Clarity  .     v - +0 leather armour
rNeg   . . .     Conserve .     (no shield)
rPois  .         rCorr    +     (no helmet)
rElec  .         rRot     +     (no cloak)
SustAb . .       Spirit   +     m - +0 pair of gloves
rMut   .         Warding  .     (no boots)
Saprov . . .     Stasis   .     u - amulet of resist corrosion
MR     +....                    (no ring)
                                (no ring)

@: somewhat resistant to hostile enchantments, quite stealthy
A: fangs 3, regeneration 2, magic shield, antimagic bite, no device heal
a: no special abilities


You were on level 5 of the Dungeon.
You were not hungry.

You visited 1 branch of the dungeon, and saw 6 of its levels.

You collected 220 gold pieces.

Inventory:

Hand weapons
 a - a +1,+2 dagger (weapon)
Missiles
 d - 12 darts (quivered)
 e - 16 poisoned needles
Armour
 b - a +1 robe
 m - a +0 pair of gloves (worn)
 v - a +0 leather armour (worn)
Comestibles
 f - 4 bread rations
 g - 2 chunks of worker ant flesh
Scrolls
 h - a scroll of recharging
 k - a scroll of immolation
 s - 4 scrolls of remove curse
 w - 4 scrolls of identify
Jewellery
 u - an amulet of resist corrosion (around neck)
Potions
 i - 4 potions of curing
 j - a potion of flight
 l - a potion of mutation {unknown}
 n - 2 potions of lignification {unknown}
Books
 c - a book of Maledictions

   Spells                             Type                      Level
   *Corona                            Hexes                        1
   *Sure Blade                        Hexes/Charms                 2
   Ensorcelled Hibernation            Hexes/Ice                    2
   *Confuse                           Hexes                        3
   Enslavement                        Hexes                        4
   Invisibility                       Hexes                        6


   Skills:
 + Level 3.3 Short Blades
 - Level 0.8 Throwing
 + Level 3.3 Dodging
 * Level 7.3 Stealth
 * Level 3.4 Unarmed Combat
 - Level 2.6 Spellcasting
 + Level 4.4 Hexes


You had 6 spell levels left.
You knew the following spells:

 Your Spells              Type           Power        Failure   Level  Hunger
a - Corona                Hex            ###....      3%          1    #......
b - Sure Blade            Hex/Chrm       #.........   14%         2    ##.....
c - Confuse               Hex            ###.....     12%         3    ####...


Dungeon Overview and Level Annotations

Branches:
Dungeon (6/15)
 Temple: D:4-7

Altars:
Ashenzari
Elyvilon
Fedhas
Kikubaaqudgha

Annotations:
D:5 Eustachio, Menkaure, Prince Ribbit


Innate Abilities, Weirdness & Mutations

You are immune to rotting.
You have razor-sharp teeth.
You heal very quickly.
When hurt, damage is shared between your health and your magic reserves.
Your bite disrupts and absorbs the magic of your enemies.
Potions and wands cannot restore your HP.


Message History

The orc warrior is moderately wounded.
The orc warrior hits you with a short sword!
You hit the orc warrior. Your bite misses the orc warrior.
The orc warrior is heavily wounded.
The orc warrior closely misses you.
You hit the orc warrior.
The orc warrior is heavily wounded.
The orc warrior barely misses you.
You barely miss the orc warrior.
You bite the orc warrior, but do no damage.
The orc warrior is heavily wounded.
You closely miss the orc warrior.
You bite the orc warrior, but do no damage.
The orc warrior is heavily wounded.
The orc warrior hits you with a short sword!
* * * LOW HITPOINT WARNING * * *
You hit the orc warrior but do no damage.
The orc warrior is heavily wounded.
The orc warrior hits you with a short sword!
You die...

#### #...## ##..>..##
##### ##.......#
##### ##...##
###....# .....
##.....####.....##
......
#........#......#
###.# #.#
###...#......o..#.#
...# #.#
###.....##.....@###.#
###.###)#
##......#####...## ..
.......... #.......#
##### ###..........
.....#### .###.#.#5#
...### ...# #.# ...#
#.###§###.# ####
#...@...§..
#...r.b....
#....###.###.#


You could see an orc warrior.

Vanquished Creatures
  Grinder (D:4)
  A centaur (D:5)
  An ogre (D:4)
  2 phantoms (D:4)
  2 crimson imps (D:5)
  A centaur skeleton (D:4)
  A hound (D:5)
  A jelly (D:5)
  A worker ant (D:6)
  2 orc wizards (D:4)
  A green rat (D:5)
  6 adders
  A giant mite (D:2)
  An inept feature mimic (D:4)
  A worm (D:2)
  An orc skeleton (D:4)
  A giant eyeball (D:4)
  2 giant geckos
  2 oozes (D:1)
  10 orcs
  3 giant cockroaches
  8 goblins
  13 hobgoblins
  3 quokkas
  16 bats
  2 giant newts
  A giant newt skeleton (D:4)
  11 kobolds
  12 rats
108 creatures vanquished.

Notes
Turn   | Place    | Note
--------------------------------------------------------------
     0 | D:1      | Kanakotka, the Vine Stalker Enchanter, began the quest for the Orb.
     0 | D:1      | Reached XP level 1. HP: 9/9 MP: 3/3
    36 | D:1      | Reached skill level 1 in Short Blades
    75 | D:1      | Found a shattered altar of Ashenzari.
   125 | D:1      | Reached XP level 2. HP: 8/13 MP: 5/5
   426 | D:1      | Reached skill level 1 in Unarmed Combat
   606 | D:1      | Reached XP level 3. HP: 4/16 MP: 2/7
   733 | D:1      | Learned a level 2 spell: Sure Blade
   737 | D:1      | Learned a level 3 spell: Confuse
   804 | D:2      | Found an ancient bone altar of Kikubaaqudgha.
  1140 | D:2      | Reached XP level 4. HP: 19/21 MP: 9/9
  1618 | D:2      | HP: 1/21 [poisoned by an adder]
  2183 | D:3      | Paralysed by a potion of paralysis for 5 turns
  2443 | D:4      | Noticed Grinder
  2452 | D:4      | Paralysed by Grinder for 3 turns
  2462 | D:4      | Killed Grinder
  2462 | D:4      | Reached skill level 5 in Stealth
  2462 | D:4      | Reached XP level 5. HP: 19/24 MP: 9/11
  2462 | D:4      | Gained mutation: You heal very quickly. [vine stalker growth]
  2462 | D:4      | Reached XP level 6. HP: 22/28 MP: 10/13
  2604 | D:4      | Noticed an ogre
  2615 | D:4      | Killed an ogre
  2615 | D:4      | Reached XP level 7. HP: 18/32 MP: 11/14
  2727 | D:4      | Found a blossoming altar of Fedhas.
  2902 | D:4      | Found a white marble altar of Elyvilon.
  3156 | D:5      | Entered Level 5 of the Dungeon
  3174 | D:5      | Reached skill level 6 in Stealth
  3210 | D:5      | Noticed Eustachio
  3697 | D:5      | Noticed Menkaure
  3701 | D:5      | Noticed Prince Ribbit
  3707 | D:5      | HP: 1/32 [Menkaure/nerve-wracking pain (5)]
  3972 | D:4      | Reached skill level 7 in Stealth
  3972 | D:4      | Gained mutation: You have razor-sharp teeth. [vine stalker growth]
  3972 | D:4      | Reached XP level 8. HP: 18/36 MP: 12/17
  4188 | D:5      | Slain by an orc warrior

Action                   |  1- 3 |  4- 6 |  7- 9 || total
-------------------------+-------+-------+-------++-------
Melee: Dagger            |   141 |   113 |   263 ||   517
 Cast: Sure Blade        |       |     1 |     2 ||     3
  Use: Potion            |       |    11 |       ||    11
       Scroll            |       |     8 |       ||     8
 Stab: Sleeping          |     3 |     7 |     5 ||    15
